 Dungeon Sprint DCSS version 0.25-b1-37-g2669288c55 (webtiles) character file.

Game seed: 12678331010031024072

25 Chiseanne the Skirmisher (level 2, 27/27 HPs)
             Began as a Demonspawn Wanderer on June 4, 2020.
             Quit the game in the Dungeon (Sprint I: "Red Sonja").
             The game lasted 00:00:20 (10 turns).

Chiseanne the Skirmisher (Demonspawn Wanderer)        Turns: 10, Time: 00:00:20

Health: 27/27      AC:  9    Str: 11    XL:     2   Next: 82%
Magic:  2/2        EV:  9    Int: 16    God:
Gold:   0          SH:  0    Dex: 10    Spells: 1/1 levels left

rFire    . . .     SeeInvis .   a - +0 hand crossbow
rCold    . . .     Gourm    .   (no shield)
rNeg     . . .     Faith    .   b - +2 scale mail
rPois    .         Spirit   .   (helmet restricted)
rElec    .         Reflect  .   (no cloak)
rCorr    .         Harm     .   (no gloves)
MR       .....     NoTele   +   (no boots)
Stlth    +.........             (no amulet)
HPRegen  0.09/turn              (no ring)
MPRegen  0.08/turn              (no ring)

@: no status effects
A: antennae 1
a: no special abilities


You were in the Dungeon.
You were not hungry.

You visited 1 branch

Inventory:

Hand Weapons
 a - a +0 hand crossbow (weapon)
 d - a +0 spear
 e - a +0 dagger
Missiles
 c - 17 bolts (quivered)
Armour
 b - a +2 scale mail (worn)
Scrolls
 l - a scroll of blinking
Potions
 g - a potion of curing
 h - a potion of heal wounds
 i - a potion of haste
 j - 2 potions of magic
 k - a potion of berserk rage
Comestibles
 f - a ration


   Skills:
 * Level 5.2 Fighting
 * Level 4.0 Armour
 * Level 2.7 Dodging
 - Level 2.6 Stealth


You had one spell level left.
You didn't know any spells.
Your spell library was empty.

Dungeon Overview and Level Annotations

Branches:
Dungeon (1/1)

Altars:


Innate Abilities, Weirdness & Mutations

You have a pair of small antennae on your head.


Message History

Press: ? - help, Shift-Dir - straight line, f/p - Ijyb
Aim: Ijyb, wielding a +0 club, wearing a +0 leather armour and carrying a wand of flame (16) (severely wounded)
You shoot a bolt. The bolt barely misses Ijyb.
Ijyb hits you but does no damage.
Firing (i - inventory)
c - 19 bolts (quivered)
Press: ? - help, Shift-Dir - straight line, f/p - Ijyb
Aim: Ijyb, wielding a +0 club, wearing a +0 leather armour and carrying a wand of flame (16) (severely wounded)
You shoot a bolt. The bolt barely misses Ijyb.
Ijyb barely misses you.
Firing (i - inventory)
c - 18 bolts (quivered)
Press: ? - help, Shift-Dir - straight line, f/p - Ijyb
Aim: Ijyb, wielding a +0 club, wearing a +0 leather armour and carrying a wand of flame (16) (severely wounded)
You shoot a bolt. The bolt hits Ijyb!
You kill Ijyb!
Your Fighting skill increases to level 5!
Your Armour skill gained 2 levels and is now at level 4!
Your Dodging skill gained 2 levels and is now at level 2!
You have reached level 2!
Your demonic ancestry asserts itself...
A pair of antennae grows on your head!
Are you sure you want to abandon this character and quit the game? (Confirm with "yes".)

#### ##
#<.#..+
#.@).(#
#..####
#..#
#..#
#..#
#⌠⌠#
####


There were no monsters in sight!

Vanquished Creatures
  Ijyb (D)
1 creature vanquished.

Notes
Turn   | Place    | Note
-------+----------+-------------------------------------------
     0 | D        | Chiseanne the Demonspawn Wanderer began the quest for the
                  | Orb.
     0 | D        | Chiseanne set off with the following items: a +0 hand
                  | crossbow, a +2 scale mail, 25 bolts, a +0 spear, a +0
                  | dagger, a ration, a potion of curing, a potion of heal
                  | wounds, a potion of haste, 2 potions of magic, a potion of
                  | berserk rage, a scroll of blinking
     0 | D        | Reached XP level 1. HP: 19/19 MP: 1/1
     1 | D        | Noticed Ijyb
     9 | D        | Killed Ijyb
     9 | D        | Reached skill level 5 in Fighting
     9 | D        | Gained mutation: You have a pair of small antennae on your
                  | head. [demonic ancestry]
     9 | D        | Reached XP level 2. HP: 27/27 MP: 2/2
    10 | D        | Quit the game

Illustrated notes

Levels and vault maps discovered:
D:        dungeon_sprint_1 [red_sonja_temple_1, red_sonja_temple_small_1]

Skill      XL: |  1 |
---------------+----+-----
Fighting       | 5 |  5.2
Armour         | 4 |  4.0
Dodging        | 2 |  2.7
Stealth        | |  2.6

Action                   || total
-------------------------++-------
 Fire: Hand crossbow     ||     8
Armor: Scale mail        ||     3
Dodge: Dodged            ||     3
